| TOP OF THE 1ST |
|
Idaho Falls Chukars batting - Pitching for Spokane River Rats : RHP Jaret Wright
|
|
Pitching: RHP Jaret Wright
|
|
|
Batting: LHB Wayne Kirby
|
0-0: Ground out 4-3 (Groundball, 4M, EV 107.5 MPH)
|
|
Batting: LHB Dwight Smith
|
0-0: Called Strike 0-1: Ball 1-1: SINGLE (Line Drive, 7LS, EV 88.8 MPH)
|
|
Batting: LHB Tyler Houston
|
0-0: DOUBLE (Line Drive, 8RXD, EV 112.5 MPH) Dwight Smith to third Runner from 3rd tries for Home, SAFE, no throw by CF
|
|
Batting: LHB Rico Brogna
|
0-0: Called Strike 0-1: Fly out, F2 (Popup, 13S, EV 87.5 MPH)
|
|
Batting: RHB Mark Lewis
|
0-0: Called Strike 0-1: Called Strike 0-2: Ball 1-2: Fly out, F9 (Flyball, 89S, EV 87.5 MPH)
|
| Top of the 1st over - 1 run, 2 hits, 0 errors, 1 left on base; Idaho Falls 1 - Spokane 0 |
| BOTTOM OF THE 1ST |
|
Spokane River Rats batting - Pitching for Idaho Falls Chukars : RHP Jim Pittsley
|
|
Pitching: RHP Jim Pittsley
|
|
|
Batting: LHB Andy Fox
|
0-0: DOUBLE (Flyball, 78D, EV 95.0 MPH)
|
|
Batting: SHB Chris Latham
|
0-0: Called Strike 0-1: Ball 1-1: Ball 2-1: Called Strike 2-2: Strikes out swinging
|
|
Batting: LHB Michael Tucker
|
0-0: Fly out, F7 (Flyball, 7LM, EV 73.1 MPH)
|
|
Batting: SHB Gene Kingsale
|
0-0: Called Strike 0-1: Hit by Pitch
|
|
Batting: RHB Tony Rodriguez
|
0-0: Called Strike 0-1: SINGLE (Groundball, 4MD, EV 106.9 MPH) Andy Fox to third Gene Kingsale to second Runner from 3rd tries for Home, SAFE, throw by CF to home
|
|
Batting: SHB Luis M. Lopez
|
0-0: Ball 1-0: 3-RUN HOME RUN (Flyball, 89XD, EV 92.5 MPH), Distance : 400 ft
|
|
Batting: RHB Mark Dalesandro
|
0-0: Fly out, F9 (Flyball, 9S, EV 75.0 MPH)
|
| Bottom of the 1st over - 4 runs, 3 hits, 0 errors, 0 left on base; Idaho Falls 1 - Spokane 4 |
| TOP OF THE 2ND |
|
Idaho Falls Chukars batting - Pitching for Spokane River Rats : RHP Jaret Wright
|
|
Batting: SHB Marcus Jensen
|
0-0: Ball 1-0: Ball 2-0: Called Strike 2-1: Foul Ball, location: 2F 2-2: Foul Ball, location: 2F 2-2: Foul Ball, location: 2F 2-2: Strikes out swinging
|
|
Batting: RHB Les Norman
|
0-0: Foul Ball, location: 2F 0-1: Ball 1-1: Ball 2-1: Ground out 1-3 (Groundball, P, EV 69.4 MPH)
|
|
Batting: LHB Dave Martinez
|
0-0: Called Strike 0-1: Foul Ball, location: 2F 0-2: Ball 1-2: Foul Ball, location: 2F 1-2: Ball 2-2: Strikes out swinging
|
| Top of the 2nd over - 0 runs, 0 hits, 0 errors, 0 left on base; Idaho Falls 1 - Spokane 4 |
| BOTTOM OF THE 2ND |
|
Spokane River Rats batting - Pitching for Idaho Falls Chukars : RHP Jim Pittsley
|
|
Batting: SHB Doug Brady
|
0-0: Ball 1-0: Ball 2-0: Called Strike 2-1: Ball 3-1: Base on Balls
|
|
Batting: RHB Jose Lind
|
0-0: Reached on error, E7 (Flyball, 7LS, EV 92.5 MPH) Doug Brady to second
|
|
Batting: LHB Andy Fox
|
0-0: Ball 1-0: Foul Ball, location: 2F 1-1: Ball 2-1: Foul Ball, location: 2F 2-2: Reached on error, E4 (Groundball, 4, EV 80.6 MPH) Doug Brady to third Jose Lind to second
|
|
Batting: SHB Chris Latham
|
0-0: Called Strike 0-1: Swinging Strike 0-2: Ball Passed Ball! Doug Brady scores Jose Lind to third Andy Fox to second 1-2: Ball 2-2: Ball 3-2: Foul Ball, location: 2F 3-2: Strikes out looking
|
|
Batting: LHB Michael Tucker
|
0-0: Called Strike 0-1: Ball 1-1: Ball 2-1: Ball 3-1: Base on Balls
|
|
Batting: SHB Gene Kingsale
|
0-0: Swinging Strike 0-1: Foul Ball, location: 2F 0-2: Ball 1-2: Ball Wild Pitch! Jose Lind scores Andy Fox to third Michael Tucker to second 2-2: Ball 3-2: Foul Ball, location: 2F 3-2: Foul Ball, location: 2F 3-2: Foul Ball, location: 2F 3-2: Fly out, F6 (Popup, 6D, EV 53.8 MPH)
|
|
Batting: RHB Tony Rodriguez
|
0-0: Called Strike 0-1: Ball Wild Pitch! Andy Fox scores Michael Tucker to third 1-1: Ball 2-1: SINGLE (Flyball, 78M, EV 88.1 MPH) Michael Tucker scores
|
|
Pitching: RHP Bill Sampen
|
|
|
Batting: SHB Luis M. Lopez
|
0-0: Ball 1-0: Called Strike 1-1: DOUBLE (Line Drive, 78M, EV 93.1 MPH) Tony Rodriguez to third Runner from 3rd tries for Home, SAFE, no throw by LF
|
|
Batting: RHB Mark Dalesandro
|
0-0: Swinging Strike 0-1: Ball 1-1: Ball 2-1: Ground out U3 (Groundball, 3, EV 86.3 MPH)
|
| Bottom of the 2nd over - 5 runs, 2 hits, 2 errors, 1 left on base; Idaho Falls 1 - Spokane 9 |
| TOP OF THE 3RD |
|
Idaho Falls Chukars batting - Pitching for Spokane River Rats : RHP Jaret Wright
|
|
Batting: RHB Takahiro Suzuki
|
0-0: Ball 1-0: Ball 2-0: Called Strike 2-1: Foul Ball, location: 2F 2-2: Fly out, F8 (Line Drive, 8RM, EV 97.5 MPH)
|
|
Batting: LHB Wayne Kirby
|
0-0: Ball 1-0: Fly out, F4 (Popup, 34, EV 70.0 MPH)
|
|
Batting: LHB Dwight Smith
|
0-0: Foul Ball, location: 2F 0-1: Called Strike 0-2: Ball 1-2: Ball 2-2: Ball 3-2: Base on Balls
|
|
Batting: LHB Tyler Houston
|
0-0: Swinging Strike 0-1: Called Strike 0-2: Ball 1-2: Fly out, F2 (Popup, 2LF, EV 85.0 MPH)
|
| Top of the 3rd over - 0 runs, 0 hits, 0 errors, 1 left on base; Idaho Falls 1 - Spokane 9 |
| BOTTOM OF THE 3RD |
|
Spokane River Rats batting - Pitching for Idaho Falls Chukars : RHP Bill Sampen
|
|
Batting: SHB Doug Brady
|
0-0: Ball 1-0: Called Strike 1-1: Called Strike 1-2: Ball 2-2: Foul Ball, location: 2F 2-2: Foul Ball, location: 2F 2-2: Foul Ball, location: 2F 2-2: Ball 3-2: Foul Ball, location: 2F 3-2: Fly out, F6 (Popup, 56, EV 66.9 MPH)
|
|
Batting: RHB Jose Lind
|
0-0: Ball 1-0: Ball 2-0: Swinging Strike 2-1: Reached on error, E6 (Groundball, 6M, EV 99.4 MPH)
|
|
Batting: LHB Andy Fox
|
0-0: Ball 1-0: Ball 2-0: Ball 3-0: Called Strike 3-1: Base on Balls Jose Lind to second
|
|
Pitching: RHP John Johnstone
|
|
|
Batting: SHB Chris Latham
|
0-0: Called Strike 0-1: Foul Ball, location: 2F 0-2: Foul Ball, location: 2F 0-2: Strikes out swinging
|
|
Batting: LHB Michael Tucker
|
0-0: Ball 1-0: Ball 2-0: Foul Ball, location: 2F 2-1: Foul Ball, location: 2F 2-2: Ball 3-2: Foul Ball, location: 2F 3-2: Strikes out swinging
|
| Bottom of the 3rd over - 0 runs, 0 hits, 1 error, 2 left on base; Idaho Falls 1 - Spokane 9 |
| TOP OF THE 4TH |
|
Idaho Falls Chukars batting - Pitching for Spokane River Rats : RHP Jaret Wright
|
|
Batting: LHB Rico Brogna
|
0-0: Ball 1-0: Ball 2-0: Ground out 4-3 (Groundball, 4, EV 81.9 MPH)
|
|
Batting: RHB Mark Lewis
|
0-0: Ball 1-0: Foul Ball, location: 2F 1-1: SINGLE (Groundball, 6MD, EV 96.3 MPH)
|
|
Batting: SHB Marcus Jensen
|
0-0: Ball 1-0: Ball 2-0: Foul Ball, location: 2F 2-1: Foul Ball, location: 2F 2-2: Foul Ball, location: 2F 2-2: Foul Ball, location: 2F 2-2: Fly out, F8 (Line Drive, 8LM, EV 100.0 MPH)
|
|
Batting: RHB Les Norman
|
0-0: Fly out, F8 (Flyball, 78D, EV 88.1 MPH)
|
| Top of the 4th over - 0 runs, 1 hit, 0 errors, 1 left on base; Idaho Falls 1 - Spokane 9 |
| BOTTOM OF THE 4TH |
|
Spokane River Rats batting - Pitching for Idaho Falls Chukars : RHP John Johnstone
|
|
Batting: SHB Gene Kingsale
|
0-0: Ball 1-0: Ball 2-0: Ball 3-0: Called Strike 3-1: Called Strike 3-2: Base on Balls
|
|
Batting: RHB Tony Rodriguez
|
0-0: Ball 1-0: Called Strike 1-1: Foul Ball, location: 2F 1-2: Ball 2-2: Foul Ball, location: 2F 2-2: Foul Ball, location: 2F 2-2: Foul Ball, location: 2F 2-2: 2-RUN HOME RUN (Flyball, 89XD, EV 105.0 MPH), Distance : 398 ft
|
|
Pitching: RHP Steve Falteisek
|
|
|
Batting: SHB Luis M. Lopez
|
0-0: SINGLE (Flyball, 7S, EV 90.0 MPH)
|
|
Batting: RHB Mark Dalesandro
|
0-0: Called Strike 0-1: Fielders Choice at 2nd, 6-4 (Groundball, 6, EV 85.0 MPH)
|
|
Batting: SHB Doug Brady
|
0-0: Swinging Strike 0-1: Ball 1-1: Foul Ball, location: 2F 1-2: Ball 2-2: Foul Ball, location: 2F 2-2: Strikes out swinging
|
|
Batting: RHB Jose Lind
|
0-0: DOUBLE (Flyball, 89D, EV 106.3 MPH) Mark Dalesandro to third Runner from 3rd tries for Home, SAFE, throw by CF to trailing runner, OUT at third! 8-4-5
|
| Bottom of the 4th over - 3 runs, 3 hits, 0 errors, 0 left on base; Idaho Falls 1 - Spokane 12 |
| TOP OF THE 5TH |
|
Idaho Falls Chukars batting - Pitching for Spokane River Rats : RHP Jaret Wright
|
|
Batting: LHB Dave Martinez
|
0-0: Ball 1-0: Ground out 4-3 (Groundball, 34, EV 87.5 MPH)
|
|
Batting: RHB Takahiro Suzuki
|
0-0: Ground out 1-3 (Groundball, 34S, EV 77.5 MPH)
|
|
Batting: LHB Wayne Kirby
|
0-0: Called Strike 0-1: Ball 1-1: Ball 2-1: Ball 3-1: Foul Ball, location: 2F 3-2: Foul Ball, location: 2F 3-2: Ground out 5-3 (Groundball, 56, EV 92.5 MPH)
|
| Top of the 5th over - 0 runs, 0 hits, 0 errors, 0 left on base; Idaho Falls 1 - Spokane 12 |
| BOTTOM OF THE 5TH |
|
Spokane River Rats batting - Pitching for Idaho Falls Chukars : RHP Steve Falteisek
|
|
Batting: LHB Andy Fox
|
0-0: Ball 1-0: Foul Ball, location: 2F 1-1: Fly out, F8 (Line Drive, 8RD, EV 88.1 MPH)
|
|
Batting: SHB Chris Latham
|
0-0: Fly out, F7 (Flyball, 78S, EV 80.0 MPH)
|
|
Batting: LHB Michael Tucker
|
0-0: Called Strike 0-1: Called Strike 0-2: Ball 1-2: Foul Ball, location: 2F 1-2: Ball 2-2: Foul Ball, location: 2F 2-2: Foul Ball, location: 2F 2-2: Foul Ball, location: 2F 2-2: Strikes out looking
|
| Bottom of the 5th over - 0 runs, 0 hits, 0 errors, 0 left on base; Idaho Falls 1 - Spokane 12 |
| TOP OF THE 6TH |
|
Idaho Falls Chukars batting - Pitching for Spokane River Rats : RHP Jaret Wright
|
|
Batting: LHB Dwight Smith
|
0-0: Called Strike 0-1: Ball 1-1: Foul Ball, location: 2F 1-2: Ball 2-2: Fly out, F4 (Popup, 3DF, EV 70.0 MPH)
|
|
Batting: LHB Tyler Houston
|
0-0: Foul Ball, location: 2F 0-1: Fly out, F5 (Popup, 56, EV 65.0 MPH)
|
|
Batting: LHB Rico Brogna
|
0-0: Reached on error, E3 (Groundball, 34S, EV 85.0 MPH)
|
|
Batting: RHB Mark Lewis
|
0-0: Ball 1-0: Ball 2-0: Ball 3-0: Base on Balls Rico Brogna to second
|
|
Batting: SHB Marcus Jensen
|
0-0: Ball 1-0: Swinging Strike 1-1: Ball 2-1: Ball 3-1: Called Strike 3-2: Base on Balls Rico Brogna to third Mark Lewis to second
|
|
Pitching: RHP Doug Brocail
|
|
|
Batting: RHB Les Norman
|
0-0: Ball 1-0: Called Strike Passed Ball! Rico Brogna scores Mark Lewis to third Marcus Jensen to second 1-1: Foul Ball, location: 2F 1-2: SINGLE (Flyball, 78M, EV 93.1 MPH) Mark Lewis scores Marcus Jensen to third Runner from 3rd tries for Home, SAFE, no throw by CF
|
|
Batting: LHB Dave Martinez
|
0-0: Fielders Choice at 2nd, 6-4 (Groundball, 6, EV 86.3 MPH)
|
| Top of the 6th over - 3 runs, 1 hit, 1 error, 1 left on base; Idaho Falls 4 - Spokane 12 |
| BOTTOM OF THE 6TH |
|
Spokane River Rats batting - Pitching for Idaho Falls Chukars : RHP Steve Falteisek
|
|
Pitching: RHP Steve Montgomery
|
|
|
Batting: SHB Gene Kingsale
|
0-0: Ball 1-0: Ground out 6-3 (Groundball, 6, EV 81.3 MPH)
|
|
Batting: RHB Tony Rodriguez
|
0-0: Called Strike 0-1: Ball 1-1: Ball 2-1: Ground out 6-3 (Groundball, 6, EV 103.1 MPH)
|
|
Batting: SHB Luis M. Lopez
|
0-0: Called Strike 0-1: Ball 1-1: Ball 2-1: Called Strike 2-2: Strikes out swinging
|
| Bottom of the 6th over - 0 runs, 0 hits, 0 errors, 0 left on base; Idaho Falls 4 - Spokane 12 |
| TOP OF THE 7TH |
|
Idaho Falls Chukars batting - Pitching for Spokane River Rats : RHP Doug Brocail
|
|
Batting: RHB Takahiro Suzuki
|
0-0: Foul Ball, location: 2F 0-1: Foul Ball, location: 2F 0-2: Ball 1-2: Ball 2-2: Fly out, F9 (Flyball, 89M, EV 88.8 MPH)
|
|
Batting: LHB Wayne Kirby
|
0-0: Ball 1-0: Fly out, F7 (Flyball, 7, EV 83.8 MPH)
|
|
Batting: LHB Dwight Smith
|
0-0: Fly out, F8 (Flyball, 8RM, EV 80.0 MPH)
|
| Top of the 7th over - 0 runs, 0 hits, 0 errors, 0 left on base; Idaho Falls 4 - Spokane 12 |
| BOTTOM OF THE 7TH |
|
Spokane River Rats batting - Pitching for Idaho Falls Chukars : RHP Steve Montgomery
|
|
Batting: RHB Mark Dalesandro
|
0-0: Foul Ball, location: 2F 0-1: Called Strike 0-2: Strikes out swinging
|
|
Pinch Hitting: RHB Rico Rossy
|
0-0: Called Strike 0-1: Called Strike 0-2: Ball 1-2: Foul Ball, location: 2F 1-2: Ball 2-2: Strikes out looking
|
|
Pitching: RHP Phil Stidham
|
|
|
Batting: RHB Jose Lind
|
0-0: Foul Ball, location: 2F 0-1: Foul Ball, location: 2F 0-2: Ball 1-2: Ball 2-2: Ball 3-2: Fly out, F7 (Flyball, 7, EV 98.8 MPH)
|
| Bottom of the 7th over - 0 runs, 0 hits, 0 errors, 0 left on base; Idaho Falls 4 - Spokane 12 |
| TOP OF THE 8TH |
|
Idaho Falls Chukars batting - Pitching for Spokane River Rats : RHP Doug Brocail
|
|
Now at 1B: Billy Ashley
|
|
|
Batting: LHB Tyler Houston
|
0-0: Fly out, F7 (Flyball, 7, EV 80.0 MPH)
|
|
Batting: LHB Rico Brogna
|
0-0: Ball 1-0: SINGLE (Flyball, 78S, EV 97.5 MPH)
|
|
Batting: RHB Mark Lewis
|
0-0: Called Strike 0-1: Ball 1-1: Fly out, F2 (Popup, 25F, EV 88.8 MPH)
|
|
Batting: SHB Marcus Jensen
|
0-0: Called Strike 0-1: Ball 1-1: Swinging Strike 1-2: Foul Ball, location: 2F 1-2: Strikes out swinging
|
| Top of the 8th over - 0 runs, 1 hit, 0 errors, 1 left on base; Idaho Falls 4 - Spokane 12 |
| BOTTOM OF THE 8TH |
|
Spokane River Rats batting - Pitching for Idaho Falls Chukars : RHP Phil Stidham
|
|
Batting: LHB Andy Fox
|
0-0: Called Strike 0-1: Ball 1-1: Swinging Strike 1-2: Ball 2-2: Foul Ball, location: 2F 2-2: Ball 3-2: Strikes out swinging
|
|
Batting: SHB Chris Latham
|
0-0: Called Strike 0-1: Swinging Strike 0-2: Foul Ball, location: 2F 0-2: Ball 1-2: Ball 2-2: Strikes out looking
|
|
Pitching: RHP Jeff Schwarz
|
|
|
Batting: LHB Michael Tucker
|
0-0: Ball 1-0: Ball 2-0: Ball 3-0: Base on Balls
|
|
Batting: SHB Gene Kingsale
|
0-0: Ground out 6-3 (Groundball, 6, EV 76.9 MPH)
|
| Bottom of the 8th over - 0 runs, 0 hits, 0 errors, 1 left on base; Idaho Falls 4 - Spokane 12 |
| TOP OF THE 9TH |
|
Idaho Falls Chukars batting - Pitching for Spokane River Rats : RHP Doug Brocail
|
|
Batting: RHB Les Norman
|
0-0: Called Strike 0-1: Ball 1-1: Foul Ball, location: 2F 1-2: Ball 2-2: Fly out, F9 (Flyball, 9LD, EV 89.4 MPH)
|
|
Batting: LHB Dave Martinez
|
0-0: Fly out, F9 (Line Drive, 9D, EV 97.5 MPH)
|
|
Batting: RHB Takahiro Suzuki
|
0-0: SINGLE (Groundball, 6MD, EV 95.0 MPH)
|
|
Batting: LHB Wayne Kirby
|
0-0: Ball 1-0: Ball 2-0: Called Strike 2-1: Foul Ball, location: 2F 2-2: DOUBLE (Line Drive, 7LM, EV 113.1 MPH) Takahiro Suzuki to third
|
|
Batting: LHB Dwight Smith
|
0-0: Called Strike 0-1: Ball 1-1: Ground out 6-3 (Groundball, 4MS, EV 81.3 MPH)
|
| Top of the 9th over - 0 runs, 2 hits, 0 errors, 2 left on base; Idaho Falls 4 - Spokane 12 |
|